 Dungeon Crawl Stone Soup version 0.22-a0-358-g7563fe7 (webtiles) character file.

839 GameOver the Conjurer (level 8, -12/62 HPs)
             Began as a Naga Wizard on Apr 18, 2018.
             Shot with an arrow by a centaur (13 damage)
             ... on level 5 of the Dungeon.
             The game lasted 00:41:19 (4153 turns).

GameOver the Conjurer (Naga Wizard)                 Turns: 4153, Time: 00:41:19

Health: -12/62     AC:  5    Str: 14    XL:     8   Next: 0%
Magic:  5/21       EV: 10    Int: 25    God:
Gold:   184        SH:  0    Dex: 11    Spells: 4/13 levels left

rFire    . . .     SeeInvis +   q - +0 shortbow
rCold    . . .     Gourm    .   (shield currently unavailable)
rNeg     . . .     Faith    .   a - +0 robe
rPois    +         Spirit   .   b - +0 helmet
rElec    .         Reflect  .   (no cloak)
rCorr    .         Harm     .   l - +0 pair of gloves
MR       +....                  (no barding)
Stlth    ++........             (no amulet)
HPRegen  0.20/turn              z - ring of magical power
MPRegen  0.17/turn              r - +5 ring of intelligence

@: mighty, very slow
A: large, see invisible, deformed body, poison resistance, slowness 2, slow
metabolism 1, spit poison 1, AC +2
a: Spit Poison


You were on level 5 of the Dungeon.
You were very hungry.

You visited 1 branch of the dungeon, and saw 5 of its levels.
You also visited: Sewer.

You collected 184 gold pieces.

Inventory:

Hand Weapons
 q - a +0 shortbow (weapon)
 s - a +1 flail of draining
 w - a +2 short sword of speed
Missiles
 f - 39 bolts
 j - 161 arrows (quivered)
Armour
 a - a +0 robe (worn)
 b - a +0 helmet (worn)
 c - a +0 shield
 l - a +0 pair of gloves (worn)
 n - a +0 buckler
 t - a cursed +0 leather armour
Jewellery
 h - a +2 ring of evasion
 o - a +5 ring of evasion
 r - a +5 ring of intelligence (right hand)
 x - an uncursed ring of stealth
 z - a ring of magical power (left hand)
Scrolls
 e - 3 scrolls of remove curse
 i - 3 scrolls of blinking
 k - a scroll of immolation
 v - a scroll of fear
 y - a scroll of amnesia
 A - 2 scrolls of enchant weapon
 C - a scroll of enchant armour
 D - a scroll of teleportation {unknown}
 G - 2 scrolls of magic mapping {unknown}
 J - a scroll of fog {unknown}
Potions
 p - 4 potions of mutation
 u - a potion of curing {unknown}
 B - a potion of degeneration {unknown}
 E - a potion of agility
 F - a potion of magic {unknown}
 I - a potion of heal wounds {unknown}
Comestibles
 d - 9 rations


   Skills:
 * Level 3.6 Bows
 - Level 1.5 Dodging
 + Level 3.8 Stealth
 - Level 3.0 Spellcasting
 - Level 6.0 Conjurations
 + Level 1.1 Hexes
   Level 1.0 Summonings
 - Level 4.0 Translocations


You had 4 spell levels left.
You knew the following spells:

 Your Spells              Type           Power        Failure   Level  Hunger
a - Magic Dart            Conj           ####         1%          1    None
b - Blink                 Tloc           N/A          3%          2    ##.....
q - Confuse               Hex            #.......     19%         3    ###....
s - Dazzling Spray        Conj/Hex       ###...       7%          3    ###....


Dungeon Overview and Level Annotations

Branches:
Dungeon (5/15)
 Temple: D:4-7

Altars:
Xom


Innate Abilities, Weirdness & Mutations

You cannot wear boots.
Your serpentine skin is tough. (AC +2)
You have supernaturally acute eyesight. (SInv)
Armour fits poorly on your strangely shaped body.
Your system is resistant to poisons. (rPois)
You cover ground very slowly.
You have a slow metabolism.
You can spit poison.


Message History

You shoot an arrow. The arrow hits the centaur.
The centaur is heavily wounded.
The centaur seems less confused.
The centaur shoots an arrow.
The arrow hits you!
Casting: Confuse (safe; 19% risk of failure)
Confirm with . or Enter, or press ? or * to list all spells.
Aiming: Confuse (safe; 19% risk of failure)
Press: ? - help, Shift-Dir - straight line, f/p - centaur
Aim: a centaur, wielding a shortbow (heavily wounded, chance to defeat MR: 40%)
The centaur resists with some effort.
The centaur shoots an arrow.
The arrow hits you!
* * * LOW HITPOINT WARNING * * *
The centaur shoots an arrow.
The arrow hits you!
* * * LOW HITPOINT WARNING * * *
It was a potion of cancellation.
You feel magically purged.
Your magical contamination has completely faded away.
It was a potion of might.
You feel very mighty all of a sudden.
The centaur shoots an arrow.
The arrow hits you!
You die...

#..###.# +..[##.# ###'##.#
##......# ### ##.......#
#...... #........# #......
###........# #########.....(
#..........###......(.......
....######..(@......)....(.(
##.# #............(.(.####
#. #..>.......(......... #
#..........(......###
##.........(......#
##'###..c.(......# #.#
#...(.......# #.#
###########.# #.. #.#


You could see a centaur.

Vanquished Creatures
  Grinder (D:3)
  An ogre (D:5)
  2 centaurs
  A scorpion (D:4)
  A howler monkey (D:4)
  A bullfrog skeleton (D:5)
  2 worker ants (D:4)
  4 gnolls (D:5)
  7 adders
  2 river rats (D:5)
  A worm (D:2)
  3 dart slugs
  2 leopard geckos (D:5)
  4 orcs
  4 giant cockroaches
  9 goblins
  9 hobgoblins
  13 jackals
  3 quokkas
  3 ball pythons
  13 bats
  10 frilled lizards
  14 kobolds
  6 rats
116 creatures vanquished.

Notes
Turn   | Place    | Note
-------+----------+-------------------------------------------
     0 | D:1      | GameOver the Naga Wizard began the quest for the Orb.
     0 | D:1      | Reached XP level 1. HP: 15/15 MP: 4/4
   163 | D:1      | Reached skill level 2 in Conjurations
   163 | D:1      | Reached XP level 2. HP: 22/22 MP: 0/6
   193 | D:1      | Learned a level 2 spell: Blink
   529 | D:1      | Reached XP level 3. HP: 28/28 MP: 7/7
   815 | D:2      | Reached skill level 3 in Conjurations
  1044 | D:2      | Reached XP level 4. HP: 32/36 MP: 8/8
  1359 | D:3      | Reached skill level 4 in Conjurations
  1527 | D:3      | Found a shimmering altar of Xom.
  2041 | D:3      | Noticed a centaur
  2048 | D:3      | Killed a centaur
  2048 | D:3      | Reached XP level 5. HP: 25/42 MP: 9/9
  2084 | D:3      | Noticed Grinder
  2134 | D:4      | Reached skill level 5 in Conjurations
  2136 | D:4      | Reached XP level 6. HP: 49/49 MP: 10/10
  2675 | D:3      | Killed Grinder
  2675 | D:3      | Reached XP level 7. HP: 44/55 MP: 11/11
  2767 | D:5      | Entered Level 5 of the Dungeon
  2931 | D:5      | Learned a level 3 spell: Dazzling Spray
  2935 | D:5      | Learned a level 3 spell: Confuse
  2985 | D:5      | Reached skill level 6 in Conjurations
  3008 | D:5      | Found a glowing drain.
  3012 | Sewer    | Entered a sewer
  3875 | D:5      | Reached skill level 1 in Hexes
  4063 | D:5      | Reached XP level 8. HP: 26/62 MP: 10/12
  4151 | D:5      | HP: 1/62 [centaur/arrow (7)]
  4153 | D:5      | Shot with an arrow by a centaur

Vault maps used:
D:1:      dpeg_arrival_rooms_with_view, feat_on_display
D:3:      xom_teletrap_fun, hangedman_decor_riveting, hangedman_glass_teeth,
          uniq_grinder
D:5:      first_ration, gup_sewer_entry_spiral, dk_noncrumbling_3,
          kennysheep_generic_room_16
Sewer:    sewer_co_scattered_pipes

Skill      XL: |  1  2  3  4  5  6  7 |
---------------+----------------------+-----
Conjurations   | 2 3 4 5 6 |  6.0
Translocations | 2 3 4 |  4.0
Bows           | 2 3 |  3.6
Hexes          | 1 |  1.1
Dodging        | |  1.5
Stealth        | |  3.8
Spellcasting   | |  3.0
Summonings     | |  1.0

Action                   |  1- 3 |  4- 6 |  7- 9 || total
-------------------------+-------+-------+-------++-------
Melee: Whip              |    16 |       |       ||    16
       Dagger            |     2 |       |       ||     2
       Unarmed           |     2 |       |       ||     2
       Short sword       |       |    35 |    52 ||    87
 Fire: Shortbow          |       |    14 |    54 ||    68
 Cast: Magic Dart        |    43 |    56 |     5 ||   104
       Blink             |       |     5 |     3 ||     8
       Dazzling Spray    |       |       |    17 ||    17
       Confuse           |       |       |     5 ||     5
 Abil: Spit Poison       |    33 |    29 |    14 ||    76
  Use: Scroll            |       |     9 |       ||     9
       Potion            |       |       |     3 ||     3
 Stab: Sleeping          |     3 |     2 |       ||     5
  Eat: Chunk             |     2 |     6 |     6 ||    14
Armor: Robe              |    13 |    10 |     7 ||    30
       Skin              |       |       |     8 ||     8
Dodge: Dodged            |    29 |    14 |    36 ||    79
Block: Buckler           |     5 |     3 |       ||     8

Table legend:
 A = Spawn XP
 B = Non-spawn XP
 C = Spawn XP percentage of total XP
 D = Spawn monster count
 E = Non-spawn monster count
 F = Spawn count percentage of total count
 G = Total turns spent on level
                    A         B        C        D         E        F      G
               +---------+---------+-------+---------+---------+-------+---------
         Total |       0 |    1199 |   0.0 |       0 |     116 |   0.0 |  4153
               +---------+---------+-------+---------+---------+-------+---------
           D:1 |       0 |      36 |   0.0 |       0 |      20 |   0.0 |   771
           D:2 |       0 |      59 |   0.0 |       0 |      18 |   0.0 |   531
           D:3 |       0 |     444 |   0.0 |       0 |      28 |   0.0 |   970
           D:4 |       0 |     228 |   0.0 |       0 |      11 |   0.0 |   495
           D:5 |       0 |     373 |   0.0 |       0 |      15 |   0.0 |   565
         Sewer |       0 |      59 |   0.0 |       0 |      24 |   0.0 |   821
               +---------+---------+-------+---------+---------+-------+---------
